 Dungeon Crawl Stone Soup version 0.24.0-10-g970556be89 (webtiles) character file.

Game seed: 10442369328604574851, levelgen mode: deterministic

140949 losten the Carver (level 16, -2/131 HPs)
             Began as a Demonspawn Berserker on Nov 2, 2019.
             Was a High Priest of Trog.
             Slain by a tentacle (7 damage)
             ... attached to a kraken
             ... on level 3 of the Shoals on Nov 3, 2019.
             The game lasted 02:04:58 (38956 turns).

losten the Carver (Demonspawn Berserker)           Turns: 38956, Time: 02:04:59

Health: -2/131     AC: 30    Str: 42    XL:     16   Next: 77%
Magic:  34/34      EV: 21    Int: 18    God:    Trog [*****.]
Gold:   685        SH: 24    Dex: 36    Spells: 15/15 levels left

rFire    + + .     SeeInvis .   T - +3 demon trident of Wondrous Power {pain, Fragile Dex+5}
rCold    + + +     Gourm    .   O - +6 buckler of Tiomixt {MP+9 Str+6}
rNeg     . . .     Faith    .   J - +7 scale mail "Tatz" {MP+9 Str+8 Dex+2 Stlth-}
rPois    .         Spirit   .   p - +0 helmet "Rolubodu" {-Cast rC++ Int+7}
rElec    .         Reflect  +   o - +1 cloak "Ekam" {Dex+7}
rCorr    .         Harm     .   w - +0 pair of gloves {Dex+3}
MR       ++++.     NoCast   +   v - +1 pair of boots
Stlth    +.........             g - brooch of Shielding {Reflect SH+8}
HPRegen  1.31/turn              y - ring of protection from magic
MPRegen  0.24/turn              n - ring of Keofitan {rC+ Str+2 Dex+2}

@: sanguine armour, mesmerised, regenerating, very slow
A: talons 2, agile 2, clever 1, deformed body, fire resistance 2, powered by
pain 3, strong 1, augmentation 1, subdued magic 1, sanguine armour 2
a: Berserk, Trog's Hand, Brothers in Arms, Renounce Religion


You were on level 3 of the Shoals.
You worshipped Trog.
Trog was extremely pleased with you.
You were not hungry.

You visited 5 branches of the dungeon, and saw 27 of its levels.
You also visited: Sewer, Ossuary and Gauntlet.

You collected 3284 gold pieces.
You spent 2599 gold pieces at shops.

Inventory:

Hand Weapons
 G - a +2 broad axe of flaming
 P - a +3 shortbow of flaming
 T - the +3 demon trident of Wondrous Power (weapon) {pain, Fragile Dex+5}
   (You bought it in a shop on level 15 of the Dungeon)

   In the hands of one skilled in necromantic magic, it inflicts extra damage on
   living creatures.
   It affects your dexterity (+5).
   It will be destroyed if unequipped.
 Y - a +3 double sword of protection
 Z - a +7 great sword of freezing
Missiles
 b - 77 poisoned darts (quivered)
 z - 32 javelins
 Q - 306 arrows
Armour
 o - the +1 cloak "Ekam" (worn) {Dex+7}
   (You found it in a Gauntlet)

   It affects your dexterity (+7).
 p - the +0 helmet "Rolubodu" (worn) {-Cast rC++ Int+7}
   (You found it in a Gauntlet)

   It affects your intelligence (+7).
   It greatly protects you from cold.
   It prevents spellcasting.
 r - +0 fire dragon scales
 v - a +1 pair of boots (worn)
 w - a +0 pair of gloves of dexterity (worn)
 J - the +7 scale mail "Tatz" (worn) {MP+9 Str+8 Dex+2 Stlth-}
   (You found it on level 6 of the Lair of Beasts)

   It affects your strength (+8).
   It affects your dexterity (+2).
   It affects your magic capacity (+9).
   It makes you less stealthy.
 O - the +6 buckler of Tiomixt (worn) {MP+9 Str+6}
   (You found it in a Gauntlet)

   It affects your strength (+6).
   It affects your magic capacity (+9).
Jewellery
 g - the brooch of Shielding (around neck) {Reflect SH+8}
   (You bought it in a shop on level 5 of the Dungeon)

   [amulet of reflection]

   It shields you and reflects attacks.
   It affects your SH (+8).
 n - the ring of Keofitan (right hand) {rC+ Str+2 Dex+2}
   (You found it on level 1 of the Lair of Beasts)

   [ring of protection from cold]

   It affects your strength (+2).
   It affects your dexterity (+2).
   It protects you from cold.
 y - a ring of protection from magic (left hand)
 F - an uncursed ring of poison resistance
Wands
 h - a wand of iceblast (10)
 l - a wand of flame (84)
 L - a wand of acid (8)
 V - a wand of digging (5)
 W - a wand of clouds (6)
 X - a wand of scattershot (5)
Scrolls
 d - 5 scrolls of fog
 e - 3 scrolls of fear
 f - 12 scrolls of teleportation
 j - 15 scrolls of remove curse
 x - 2 scrolls of blinking
 B - 8 scrolls of magic mapping
 D - 2 scrolls of silence
 H - 8 scrolls of identify
Potions
 a - 4 potions of haste
 k - 6 potions of curing
 s - 3 potions of magic
 t - 3 potions of heal wounds
 u - 3 potions of might
 C - 2 potions of lignification
 I - 2 potions of invisibility
 U - 2 potions of resistance
Miscellaneous
 M - a phantom mirror
 N - a sack of spiders
 S - a fan of gales
Comestibles
 c - 29 rations


   Skills:
 + Level 13.2 Fighting
 + Level 14.6 Long Blades
   Level 7.5 Maces & Flails
 + Level 7.2 Polearms
 + Level 3.7 Throwing
 + Level 11.7 Armour
 + Level 8.5 Dodging
 + Level 4.0 Stealth
 + Level 11.0 Shields
 + Level 1.2 Evocations


You had 15 spell levels left.
You didn't know any spells.
Your spell library contained the following spells:

 Spells                   Type           Power        Failure   Level  Hunger
 Animate Skeleton         Necr           N/A          28%         1    ##.....
 Apportation              Tloc           #.....       28%         1    ##.....
 Confusing Touch          Hex            #.....       28%         1    ##.....
 Infusion                 Chrm           #...         28%         1    ##.....
 Magic Dart               Conj           #...         28%         1    ##.....
 Pain                     Necr           #...         28%         1    ##.....
 Sandblast                Erth           #.....       28%         1    ##.....
 Summon Butterflies       Summ           #.......     28%         1    ##.....
 Summon Small Mammal      Summ           #...         28%         1    ##.....
 Blink                    Tloc           N/A          41%         2    ###....
 Call Imp                 Summ           #.......     41%         2    ###....
 Ensorcelled Hibernation  Hex/Ice        #.....       41%         2    ###....
 Passwall                 Tmut/Erth      #.......     41%         2    ###....
 Searing Ray              Conj           #.....       41%         2    ###....
 Shroud of Golubria       Chrm/Tloc      #.....       41%         2    ###....
 Slow                     Hex            #.......     41%         2    ###....
 Song of Slaying          Chrm           #.......     41%         2    ###....
 Conjure Flame            Conj/Fire      #.......     65%         3    ####...
 Dazzling Spray           Conj/Hex       #.....       65%         3    ####...
 Lesser Beckoning         Tloc           #.........   65%         3    ####...
 Mephitic Cloud           Conj/Pois/Air  #.......     65%         3    ####...
 Regeneration             Chrm/Necr      #.........   65%         3    ####...
 Spectral Weapon          Hex/Chrm       #.......     65%         3    ####...
 Stone Arrow              Conj/Erth      #.....       65%         3    ####...
 Tukima's Dance           Hex            #.......     65%         3    ####...
 Vampiric Draining        Necr           #.........   65%         3    ####...
 Animate Dead             Necr           N/A          96%         4    #####..
 Force Lance              Conj/Tloc      #.......     96%         4    #####..
 Fulminant Prism          Conj/Hex       #.........   96%         4    #####..
 Iskenderun's Mystic Bla  Conj           #.......     96%         4    #####..
 Petrify                  Tmut/Erth      #.......     96%         4    #####..
 Alistair's Intoxication  Tmut/Pois      #.......     100%        5    ######.
 Borgnjor's Vile Clutch   Necr/Erth      #.........   100%        5    ######.
 Lee's Rapid Deconstruct  Erth           #.........   100%        5    ######.
 Silence                  Hex/Air        #.........   100%        5    ######.
 Darkness                 Hex            #.........   100%        6    #######
 Invisibility             Hex            #.......     100%        6    #######
 Shadow Creatures         Summ           N/A          100%        6    #######


Dungeon Overview and Level Annotations

Branches:
Dungeon (15/15)            Temple (1/1) D:6            Lair (6/6) D:8
 Shoals (3/4) Lair:3       Spider (0/4) Lair:4        Slime (0/5) Lair:6
    Orc (2/2) D:11            Elf (0/3) Orc:2        Vaults (0/5) D:13
 Depths (0/5) D:15          Sewer (visited)         Ossuary (visited)
Gauntlet (visited)

Altars:
Elyvilon
Hepliaklqana
Makhleb
Ru
Trog
Uskayaw
Wu Jian
Xom
Beogh

Shops:
D:5 =   D:11 }   D:12 =   D:13 **   D:14 }   D:15 %(}*   Orc:1 %   Orc:2 [**%


Innate Abilities, Weirdness & Mutations

You have razor-sharp toenails.
Your flesh is very heat resistant. (rF++)
You are powered by pain.
Your magical and physical power is slightly enhanced at high health.
When seriously injured, your bleeding wounds create thick armour. (AC +9)
You are very agile. (Dex +4)
Your mind is acute. (Int +2)
Armour fits poorly on your strangely shaped body.
Your muscles are strong. (Str +2)
Your spells are a little easier to cast, but a little less powerful.


Message History

You block the kraken's attack.
Your two-headed ogre hits the tentacle with a +0 giant club!!
The tentacle dies!
The tentacle slaps you but does no damage.
You block the tentacle's attack.
The merfolk siren chants its luring song.
The merfolk avatar chants its luring song.
The tentacle slaps your two-headed ogre.
The kraken bites you!!
* * * LOW HITPOINT WARNING * * *
Your unstable footing causes you to fumble your attack.
You block the tentacle's attack. x2
Your two-headed ogre hits the tentacle with a +0 giant club! x2
A tentacle segment bursts forth from the water.
The merfolk siren chants its luring song.
The merfolk avatar chants its luring song.
You block the tentacle's attack. The kraken bites you!
* * * LOW HITPOINT WARNING * * *
The tentacle slaps you!
You die...

≈≈≈≈≈≈≈≈≈≈≈≈≈≈#
≈≈H≈≈≈≈≈≈≈≈≈≈.##
≈≈≈≈≈≈≈≈≈≈≈≈≈≈.###.≈
≈≈≈m≈≈≈≈≈≈≈≈≈≈....≈≈≈≈≈≈
≈≈≈≈≈≈≈≈≈≈≈≈≈≈≈<≈≈≈≈..≈≈
≈≈≈≈≈≈m≈≈≈≈≈≈≈≈≈≈≈≈.≈..≈
≈≈≈≈≈≈Xww≈≈≈≈≈≈≈≈≈≈.≈≈≈≈
≈≈≈≈≈≈P@P≈≈≈≈≈≈≈≈≈≈...≈≈
≈≈≈≈PP≈≈≈≈≈≈≈≈≈≈≈≈....≈≈
≈≈≈≈wO###......≈≈≈.##.≈≈
≈≈≈≈≈. #####..≈≈..##.≈≈
≈≈≈≈≈ # #.≈≈≈.....≈≈
≈≈≈≈≈ ....###.≈≈≈≈≈.≈≈..
≈≈≈≈ ≈......)≈≈≈≈≈≈≈≈..
≈≈≈≈ ≈≈≈≈≈≈≈≈≈≈≈≈≈≈≈≈≈.
≈≈P≈≈≈≈≈≈≈≈≈≈..≈≈.


You could see a kraken, a merfolk avatar, a manticore, 3 tentacles, a merfolk
siren and a friendly two-headed ogre (berserk).

Vanquished Creatures
  Rupert (Lair:6)
  Gastronok (Lair:3)
  Aizul (Shoals:2)
  A minotaur (Gauntlet)
  A fire dragon (D:15)
  Josephine (Orc:1)
  4 vault guards (D:13)
  An ice dragon (D:15)
  An ogre mage (D:15)
  2 merfolk avatars
  4 hydras
  5 centaur warriors
  3 catoblepae
  11 two-headed ogres
  3 death scarabs (Gauntlet)
  2 merfolk aquamancers
  2 tengu warriors (D:14)
  10 death yaks
  4 orc high priests (Orc:2)
  A fire crab (shapeshifter) (D:13)
  6 sea snakes
  5 unseen horrors
  2 spectral hydras (Gauntlet)
  3 lindwurms (Lair:6)
  Pikel (D:6)
  2 deep elf magi
  2 wolf spiders (Lair:6)
  3 orc knights (Orc:2)
  A shining eye (Gauntlet)
  11 harpies
  8 fauns
  An ugly thing (D:13)
  8 manticores
  4 cyclopes
  5 orc sorcerers
  9 elephants
  5 merfolk sirens
  A guardian serpent (Lair:6)
  A water nymph (Shoals:1)
  10 black mambas
  18 spiny frogs
  4 rime drakes
  2 efreet (D:14)
  3 komodo dragons
  A jumping spider (Lair:4)
  2 tengu conjurers (D:12)
  A polar bear (Lair:6)
  15 merfolk
  9 trolls
  3 wolf spider simulacra
  4 hornets
  6 wind drakes
  4 dream sheep (Lair:5)
  16 slime creatures (D:15)
  A raiju (shapeshifter) (D:15)
  7 hippogriffs
  21 blink frogs
  3 snapping turtles
  4 redbacks
  3 vampires
  7 wraiths
  A spriggan (D:10)
  11 wyverns
  A shadow (D:14)
  A spriggan (shapeshifter) (D:15)
  8 water elementals
  The ghost of Shaidar the Chopper, an amateur HOFi of Trog (D:3)
  Grum (D:9)
  42 yaks
  3 hungry ghosts
  3 vampire mosquitoes (D:14)
  3 basilisks
  A warg (D:11)
  17 water moccasins
  2 porcupines (Lair:3)
  A hydra simulacrum (Lair:1)
  2 slaves (D:6)
  2 floating eyes (Gauntlet)
  An ice beast (D:5)
  38 orc warriors
  2 eyes of draining
  4 sky beasts
  3 phantoms
  14 ogres
  14 crocodiles
  3 centaurs
  12 wolves
  11 big kobolds
  15 bullfrogs
  A water moccasin zombie (D:8)
  A water moccasin skeleton (D:7)
  5 scorpions
  2 killer bees (D:10)
  A dream sheep simulacrum (Lair:1)
  14 wights
  2 electric eels (D:11)
  2 howler monkeys
  6 crimson imps
  5 bullfrog zombies
  6 centaur zombies
  6 hounds
  8 jellies
  13 orc wizards
  35 orc priests
  2 bullfrog skeletons
  5 centaur skeletons
  5 iguanas
  11 worker ants
  A killer bee zombie (Ossuary)
  2 hound zombies (Ossuary)
  A porcupine simulacrum (Lair:1)
  2 hound skeletons
  16 mummies (Ossuary)
  A howler monkey zombie (Ossuary)
  3 worker ant zombies (Ossuary)
  4 gnolls (D:6)
  2 river rats
  13 adders
  3 shadow imps
  9 oozes
  3 adder zombies (Ossuary)
  3 worms
  2 dart slugs
  3 leopard geckos
  80 orcs
  7 ball pythons
  7 bats
  5 giant cockroaches
  6 goblins
  7 hobgoblins
  9 jackals
  24 kobolds
  3 quokkas
  6 frilled lizards
  A jackal skeleton (D:5)
  A jackal zombie (D:7)
  A leopard gecko zombie (Ossuary)
  A quokka zombie (Ossuary)
  8 rats
  A butterfly (Lair:5)
  2 tentacles (Shoals:2)
865 creatures vanquished.

Vanquished Creatures (collateral kills)
  Polyphemus (Shoals:3)
  An orc warlord (Orc:2)
  An ettin (shapeshifter) (D:13)
  A merfolk impaler (Shoals:1)
  4 hydras
  A death knight (D:13)
  An alligator snapping turtle (Shoals:3)
  A phantasmal warrior (D:13)
  3 harpies (Shoals:1)
  A manticore (D:9)
  3 spiny frogs
  A gargoyle (D:9)
  4 merfolk
  A slime creature (D:9)
  4 yaks (Lair:3)
  A wraith (D:13)
  4 vampire mosquitoes (D:8)
  A warg (Orc:2)
  5 orc warriors
  An ice beast (D:13)
  A wolf (Lair:1)
  A big kobold (D:9)
  4 orc priests (Orc:2)
  A centaur skeleton (D:9)
  A killer bee zombie (D:9)
  6 orcs (Orc:2)
  A tentacle (Shoals:3)
55 creatures vanquished.

Vanquished Creatures (others)
  A cyclops (Orc:2)
  A faun (Shoals:2)
  2 orc warriors (Orc:2)
  2 slaves (D:6)
  A centaur (Shoals:2)
  A water moccasin skeleton (D:6)
  An orc wizard (Orc:1)
  7 orcs
  2 ball pythons (D:6)
  A kobold (D:14)
  31 fungi
  20 plants
  5 tentacles
  3 toadstools (D:1)
78 creatures vanquished.

Grand Total: 998 creatures vanquished

Notes
Turn   | Place    | Note
-------+----------+-------------------------------------------
     0 | D:1      | losten the Demonspawn Berserker began the quest for the
                  | Orb.
     0 | D:1      | Reached XP level 1. HP: 18/18 MP: 1/1
   302 | D:1      | Reached skill level 3 in Long Blades
   302 | D:1      | Gained mutation: Your flesh is heat resistant. (rF+)
                  | [demonic ancestry]
   302 | D:1      | Reached XP level 2. HP: 20/24 MP: 2/2
  1072 | D:2      | Gained mutation: When seriously injured, your bleeding
                  | wounds create armour. (AC +9) [demonic ancestry]
  1072 | D:2      | Reached XP level 3. HP: 5/29 MP: 3/3
  1079 | D:2      | HP: 1/29 [poisoned by an adder]
  1321 | D:2      | Found a sacrificial altar of Ru.
  1977 | D:2      | Reached ** piety under Trog
  2246 | D:3      | Found a runed translucent door.
  2247 | D:3      | Noticed Shaidar's ghost (amateur HOFi)
  2259 | D:3      | Killed Shaidar's ghost
  2259 | D:3      | Reached skill level 4 in Long Blades
  2259 | D:3      | Reached XP level 4. HP: 14/37 MP: 4/4
  2259 | D:3      | Gained mutation: You have sharp toenails. [demonic
                  | ancestry]
  2259 | D:3      | Reached XP level 5. HP: 17/42 MP: 5/5
  2818 | D:4      | Noticed an ogre
  2826 | D:4      | Killed an ogre
  2826 | D:4      | Reached skill level 1 in Stealth
  2826 | D:4      | Reached XP level 6. HP: 48/48 MP: 6/6
  3026 | D:4      | Reached skill level 5 in Long Blades
  3547 | D:4      | Found a burning altar of Makhleb.
  3694 | D:4      | Gained mutation: When seriously injured, your bleeding
                  | wounds create thick armour. (AC +9) [demonic ancestry]
  3694 | D:4      | Reached XP level 7. HP: 12/55 MP: 7/7
  3913 | D:5      | Entered Level 5 of the Dungeon
  4476 | D:5      | Found a white marble altar of Elyvilon.
  4554 | D:5      | Reached *** piety under Trog
  4596 | D:5      | Found Jolara's Jewellery Emporium.
  4667 | D:5      | Reached skill level 6 in Long Blades
  5013 | D:6      | Reached XP level 8. HP: 51/61 MP: 8/8
  5040 | D:6      | Reached skill level 5 in Fighting
  5061 | D:6      | Noticed Pikel
  5085 | D:6      | Killed Pikel
  5156 | D:6      | Reached skill level 7 in Long Blades
  5156 | D:6      | Reached skill level 1 in Throwing
  5220 | D:6      | Found a glowing drain.
  5317 | Sewer    | Entered a sewer
  5528 | Sewer    | Reached skill level 5 in Armour
  5664 | Sewer    | Gained mutation: You sometimes gain a little power by
                  | taking damage. [demonic ancestry]
  5664 | Sewer    | Reached XP level 9. HP: 66/69 MP: 9/9
  6020 | Sewer    | Reached skill level 1 in Maces & Flails
  6627 | D:6      | Found a staircase to the Ecumenical Temple.
  6636 | Temple   | Entered the Ecumenical Temple
  6873 | D:7      | Found an ornate altar of the Wu Jian Council.
  7110 | D:7      | Reached **** piety under Trog
  7418 | D:7      | Found a bloodstained altar of Trog.
  7786 | D:8      | Found a sand-covered staircase.
  7801 | Ossuary  | Entered an ossuary
  7891 | Ossuary  | Received a gift from Trog
  8143 | Ossuary  | Reached XP level 10. HP: 52/77 MP: 10/10
  8330 | Ossuary  | Reached skill level 5 in Maces & Flails
  8479 | D:8      | Found a staircase to the Lair.
  8539 | D:8      | Reached skill level 5 in Dodging
  9039 | D:8      | Identified a scroll of acquirement
  9040 | D:8      | Got a scorched scimitar
  9041 | D:8      | Identified the +3 scimitar of Lasopli {venom, rPois MP+9}
                  | (You acquired it on level 8 of the Dungeon)
  9139 | D:9      | Noticed Grum
  9153 | D:9      | Killed Grum
  9458 | D:9      | Noticed a two-headed ogre
  9478 | D:9      | Killed a two-headed ogre
  9713 | D:9      | Found a hazy altar of Hepliaklqana.
  9714 | D:9      | Found a hide-covered altar of Uskayaw.
 10077 | D:9      | Noticed a gargoyle
 10077 | D:9      | Noticed a manticore
 10077 | D:9      | Noticed a six-headed hydra
 10086 | D:9      | Killed a manticore
 10091 | D:9      | Killed a gargoyle
 10105 | D:9      | Killed a six-headed hydra
 10105 | D:9      | Reached skill level 8 in Long Blades
 10626 | D:10     | Entered Level 10 of the Dungeon
 10627 | D:10     | Found a shimmering altar of Xom.
 11485 | D:10     | Reached ***** piety under Trog
 11485 | D:10     | Gained mutation: You sometimes gain power by taking damage.
                  | [demonic ancestry]
 11485 | D:10     | Reached XP level 11. HP: 62/84 MP: 11/11
 11498 | D:10     | Paralysed by something for 2 turns
 12161 | D:10     | Reached skill level 9 in Long Blades
 12879 | D:11     | Noticed a deep elf mage
 12883 | D:11     | Killed a deep elf mage
 13021 | D:11     | Found Ebukuips's Gadget Boutique.
 13034 | D:11     | Found a staircase to the Orcish Mines.
 13443 | D:12     | Got an encrusted chain mail
 13481 | D:12     | Killed an unseen horror
 13595 | D:12     | Identified the +5 chain mail of Resilience {-Tele rC+++ rN+
                  | MR+} (You found it on level 12 of the Dungeon)
 13605 | D:12     | Gained mutation: You occasionally shout uncontrollably at
                  | your foes. [potion of mutation]
 13605 | D:12     | Gained mutation: You have a pair of small antennae on your
                  | head. [potion of mutation]
 13605 | D:12     | Gained mutation: You are frail. (-10% HP) [potion of
                  | mutation]
 13605 | D:12     | Gained mutation: You are agile. (Dex +2) [potion of
                  | mutation]
 13666 | D:12     | Found Lippetut's Jewellery Boutique.
 13747 | D:12     | Noticed a two-headed ogre
 13755 | D:12     | Killed a two-headed ogre
 14000 | D:12     | Reached skill level 10 in Long Blades
 14174 | D:12     | Noticed a seven-headed hydra
 14188 | D:12     | Killed a seven-headed hydra
 14536 | D:13     | Noticed a phantasmal warrior
 14537 | D:13     | Noticed a death knight
 14552 | D:13     | Killed a phantasmal warrior
 14555 | D:13     | Killed a death knight
 14825 | D:13     | Found Nucra's Needful Niceties.
 14854 | D:13     | Lost mutation: You are agile. (Dex +2) [potion of mutation]
 14854 | D:13     | Lost mutation: You are frail. (-10% HP) [potion of
                  | mutation]
 14854 | D:13     | Gained mutation: Your spells are a little easier to cast,
                  | but a little less powerful. [potion of mutation]
 14854 | D:13     | Gained mutation: Your natural rate of healing is unusually
                  | fast. [potion of mutation]
 14854 | D:13     | Gained mutation: You are resistant to hostile enchantments.
                  | (MR+) [potion of mutation]
 14989 | D:13     | Found Vantopag's Blood Bar.
 15014 | D:13     | Gained mutation: You have razor-sharp toenails. [demonic
                  | ancestry]
 15014 | D:13     | Reached XP level 12. HP: 40/94 MP: 12/12
 15238 | D:13     | Noticed an ettin
 15245 | D:13     | Killed an ettin
 15403 | D:13     | Noticed a centaur warrior
 15411 | D:13     | Killed a centaur warrior
 15455 | D:13     | Noticed a centaur warrior
 15460 | D:13     | Killed a centaur warrior
 15469 | D:13     | Noticed a five-headed hydra
 15486 | D:13     | Killed a nine-headed hydra
 15781 | D:13     | Noticed a catoblepas
 15794 | D:13     | Killed a catoblepas
 15862 | D:13     | Found a gate to the Vaults.
 15862 | D:13     | Noticed a centaur warrior
 15862 | D:13     | Noticed a vault guard
 15862 | D:13     | Noticed a vault guard
 15862 | D:13     | Noticed a vault guard
 15862 | D:13     | Noticed a vault guard
 15873 | D:13     | Killed a centaur warrior
 15885 | D:13     | Killed a vault guard
 15885 | D:13     | Reached skill level 11 in Long Blades
 15913 | D:13     | Killed a vault guard
 15917 | D:13     | Reached skill level 1 in Evocations
 15918 | D:13     | Killed a vault guard
 15927 | D:13     | Killed a vault guard
 16324 | D:14     | Lost mutation: Your natural rate of healing is unusually
                  | fast. [potion of mutation]
 16324 | D:14     | Lost mutation: You are resistant to hostile enchantments.
                  | (MR+) [potion of mutation]
 16324 | D:14     | Lost mutation: You occasionally shout uncontrollably at
                  | your foes. [potion of mutation]
 16324 | D:14     | Lost mutation: You have a pair of small antennae on your
                  | head. [potion of mutation]
 16324 | D:14     | Gained mutation: You are dopey. (Int -2) [potion of
                  | mutation]
 16324 | D:14     | Gained mutation: You can translocate small distances at
                  | will. [potion of mutation]
 16324 | D:14     | Gained mutation: You are agile. (Dex +2) [potion of
                  | mutation]
 16324 | D:14     | Gained mutation: You are very agile. (Dex +4) [potion of
                  | mutation]
 16338 | D:14     | Noticed a tengu warrior
 16339 | D:14     | Noticed a tengu warrior
 16357 | D:14     | Killed a tengu warrior
 16360 | D:14     | Killed a tengu warrior
 16360 | D:14     | Reached skill level 10 in Fighting
 16487 | D:14     | Reached XP level 13. HP: 72/103 MP: 13/13
 16663 | D:14     | Reached skill level 12 in Long Blades
 16679 | D:14     | Found Deixibb's Gadget Shoppe.
 17322 | D:15     | Entered Level 15 of the Dungeon
 17890 | D:15     | Reached skill level 10 in Armour
 17906 | D:15     | Reached skill level 13 in Long Blades
 18332 | D:15     | Noticed a fire dragon
 18340 | D:15     | Killed a fire dragon
 18650 | D:15     | Found a staircase to the Depths.
 18698 | D:15     | Found Heat's General Store.
 18714 | D:15     | Bought a +1 cloak of invisibility for 297 gold pieces
 18791 | D:15     | Received a gift from Trog
 19280 | D:15     | Found Zequt's Antique Weapon Shop.
 19324 | D:15     | Found Ocodghes's Gadget Emporium.
 19327 | D:15     | Found Riot's Food Boutique.
 19613 | Lair:1   | Entered Level 1 of the Lair of Beasts
 20198 | Lair:1   | Gained mutation: You are powered by pain. [demonic
                  | ancestry]
 20198 | Lair:1   | Reached XP level 14. HP: 113/113 MP: 14/14
 20246 | Lair:1   | Found a transporter.
 20259 | Lair:1   | Found a transporter.
 20534 | Lair:1   | Got a brightly glowing silver ring
 20573 | Lair:1   | Identified the ring of Keofitan {rC+ Str+2 Dex+2} (You
                  | found it on level 1 of the Lair of Beasts)
 21820 | D:5      | Bought the brooch of Shielding {Reflect SH+8} for 1169 gold
                  | pieces
 21820 | D:5      | Found the brooch of Shielding {Reflect SH+8}
 22215 | Lair:3   | Found a staircase to the Shoals.
 22260 | Lair:3   | Reached skill level 1 in Shields
 22573 | Lair:3   | Noticed Gastronok
 22595 | Lair:3   | Killed Gastronok
 22595 | Lair:3   | Reached skill level 14 in Long Blades
 23414 | Lair:4   | Found a gate leading to a gauntlet.
 23429 | Gauntlet | Entered a Gauntlet
 23429 | Gauntlet | Found a transporter.
 23429 | Gauntlet | Found a transporter.
 23434 | Gauntlet | Found a transporter.
 23449 | Gauntlet | Found a transporter.
 23471 | Gauntlet | Found a transporter.
 23478 | Gauntlet | Found a transporter.
 23564 | Gauntlet | Found a transporter.
 23578 | Gauntlet | Found a transporter.
 23596 | Gauntlet | Found a transporter.
 23605 | Gauntlet | Found a transporter.
 23621 | Gauntlet | Found a transporter.
 23688 | Gauntlet | Found a transporter.
 23698 | Gauntlet | Found a transporter.
 23708 | Gauntlet | Found a transporter.
 23732 | Gauntlet | Found a transporter.
 23742 | Gauntlet | Found a transporter.
 23772 | Gauntlet | Paralysed by a floating eye for 2 turns
 23783 | Gauntlet | Got a twisted cloak
 23788 | Gauntlet | Lost mutation: You are dopey. (Int -2) [potion of mutation]
 23788 | Gauntlet | Lost mutation: You can translocate small distances at will.
                  | [potion of mutation]
 23788 | Gauntlet | Gained mutation: Armour fits poorly on your strangely
                  | shaped body. [potion of mutation]
 23788 | Gauntlet | Gained mutation: Your flesh is very heat resistant. (rF++)
                  | [potion of mutation]
 23788 | Gauntlet | Gained mutation: You are dopey. (Int -2) [potion of
                  | mutation]
 23788 | Gauntlet | Gained mutation: Your muscles are strong. (Str +2) [potion
                  | of mutation]
 23789 | Gauntlet | Lost mutation: You are dopey. (Int -2) [potion of mutation]
 23789 | Gauntlet | Gained mutation: Your mind is acute. (Int +2) [potion of
                  | mutation]
 23906 | Gauntlet | Got a dazzling helmet
 24327 | Gauntlet | Identified the cursed +0 helmet "Rolubodu" {-Cast rC++
                  | Int+7} (You found it in a Gauntlet)
 24338 | Gauntlet | Identified the +1 cloak "Ekam" {Dex+7} (You found it in a
                  | Gauntlet)
 24374 | Gauntlet | Got a slimy buckler
 24420 | Gauntlet | Identified the +6 buckler of Tiomixt {MP+9 Str+6} (You
                  | found it in a Gauntlet)
 24782 | Lair:4   | You fall into a shaft and drop 2 floors!
 24782 | Lair:6   | Entered Level 6 of the Lair of Beasts
 24824 | Lair:5   | Reached skill level 5 in Shields
 25442 | Lair:4   | Found a hole to the Spider Nest.
 26371 | Lair:6   | Reached XP level 15. HP: 111/120 MP: 15/15
 26414 | Lair:6   | Received a gift from Trog
 26980 | Lair:6   | Noticed Rupert
 27008 | Lair:6   | Killed Rupert
 27274 | Lair:6   | Got a pitted scale mail
 27285 | Lair:6   | Identified the +7 scale mail "Tatz" {MP+9 Str+8 Dex+2
                  | Stlth-} (You found it on level 6 of the Lair of Beasts)
 27440 | Lair:6   | Found a staircase to the Slime Pits.
 27681 | Lair:6   | Got a steaming plate armour
 27692 | Lair:6   | Identified the +6 plate armour of Grace {Int-4 Dex+6} (You
                  | found it on level 6 of the Lair of Beasts)
 28369 | Lair:6   | Received a gift from Trog
 28373 | Lair:6   | Reached ****** piety under Trog
 29306 | D:15     | Bought a jewelled demon trident for 500 gold pieces
 29306 | D:15     | Identified the +3 demon trident of Wondrous Power {pain,
                  | Fragile Dex+5} (You bought it in a shop on level 15 of the
                  | Dungeon)
 29394 | Orc:1    | Entered Level 1 of the Orcish Mines
 29856 | Orc:1    | Found Puov's Food Emporium.
 30001 | Orc:1    | Reached skill level 1 in Polearms
 30012 | Orc:1    | Noticed Josephine
 30041 | Orc:1    | Killed Josephine
 30489 | Orc:2    | Entered Level 2 of the Orcish Mines
 31238 | Orc:2    | Received a gift from Trog
 31780 | Orc:2    | Found a roughly hewn altar of Beogh.
 31788 | Orc:2    | Found Paupuifi's Food Boutique.
 32196 | Orc:2    | Found Lesumola's General Store.
 32201 | Orc:2    | Bought a potion of haste for 150 gold pieces
 32201 | Orc:2    | Bought a scroll of enchant weapon for 112 gold pieces
 32201 | Orc:2    | Bought a potion of heal wounds for 75 gold pieces
 32201 | Orc:2    | Bought a scroll of enchant armour for 112 gold pieces
 32448 | Orc:2    | Found a staircase to the Elven Halls.
 32596 | Orc:2    | Noticed an orc warlord
 32610 | Orc:2    | Received a gift from Trog
 32633 | Orc:2    | Killed an orc warlord
 32653 | Orc:2    | Found a roughly hewn altar of Beogh.
 32701 | Orc:2    | Gained mutation: Your magical and physical power is
                  | slightly enhanced at high health. [demonic ancestry]
 32701 | Orc:2    | Reached XP level 16. HP: 108/129 MP: 16/16
 32709 | Orc:2    | Found Fudov's General Store.
 32969 | Orc:2    | Found Cishofa's Armour Shop.
 33189 | Orc:2    | Bought a +0 pair of gloves of dexterity for 184 gold pieces
 33374 | Orc:2    | Upgraded the game from 0.24.0-7-gb3623d2c88 to
                  | 0.24.0-10-g970556be89
 33576 | Shoals:1 | Entered Level 1 of the Shoals
 34084 | Shoals:1 | Reached skill level 5 in Polearms
 34567 | Shoals:1 | Reached skill level 10 in Shields
 35904 | Shoals:2 | Noticed Aizul
 35925 | Shoals:2 | Killed Aizul
 36443 | Shoals:2 | Noticed a kraken
 37534 | Shoals:3 | HP: 2/130 [drowned by a drowned soul[a merfolk avatar]
                  | (12)]
 38314 | Shoals:3 | Noticed Polyphemus
 38405 | Shoals:3 | Killed Polyphemus
 38942 | Shoals:3 | Noticed a kraken
 38956 | Shoals:3 | HP: 5/131 [kraken (10)]
 38956 | Shoals:3 | Slain by a tentacle

Levels and vault maps discovered:
D:1:      minmay_arrival_loop, layout_basic, minmay_gold_behind_fungi
D:2:      layout_rooms, grunt_ministairs_7, nicolae_ru_awakened_eye
D:3:      layout_rooms, gammafunk_ghost_grave
D:4:      layout_basic, kennysheep_mini_moat, first_ration
D:5:      layout_basic, serial_shops, shop, elyvilon_altar_1
D:6:      layout_loops_ring, minmay_temple_entry_fiery,
          cheibrodos_sewer_entry_sluice, uniq_pikel
D:7:      layout_basic, nicolae_overflow_crystal_walls, basic_altar
D:8:      layout_loops_ring, lair_entry_dummy, nicolae_ossuary_entry_plus
D:9:      minmay_the_grid_triangle_9x9_recursive_2
          [minmay_the_grid_triangle_9x9_prize_insulated,
          minmay_the_grid_triangle_9x9_swiss_cheese,
          minmay_the_grid_triangle_9x9_minimal,
          minmay_the_grid_triangle_9x9_windchime], layout_basic,
          nicolae_overflow_hidden_temple, uniq_grum
D:10:     layout_roguey, basic_altar, the_bakery, minmay_joined_circles
D:11:     layout_basic, orc_0_dummy, serial_shops, shop
D:12:     layout_roguey, serial_shops, shop
D:13:     layout_gridville, lightli_vaults_fourway_checkpoint,
          nicolae_alphabet_shops, minmay_holes, guppyfry_shop_blood
D:14:     layout_long_grid, serial_shops, nicolae_shop_window_shopping,
          chequers_serial_rivers_micro_c
D:15:     grunt_enter_depths_hoard, layout_basic, serial_shops,
          nicolae_shop_behind_doors, shop_fountains, shop,
          nicolae_shop_waterfront, minmay_misc_feat_enclosed, minivault_1
Temple:   dpeg_five_rooms_temple
Lair:1:   gammafunk_cloud_chamber, layout_long_grid,
          chequers_serial_rivers_large_a
Lair:2:   layout_gridlike
Lair:3:   layout_loops_ring, elwin_shoals_entry_rocks,
          infiniplex_staircase_pool, uniq_gastronok
Lair:4:   layout_gridlike, nicolae_spider_entry_tight_spaces,
          nicolae_volcano_entry_s_turn, gauntlet_entry_generic, st_stairs_12
Lair:5:   layout_roguey, lemuel_fruit_fields, grunt_megastairs_5
Lair:6:   hangedman_lair_tendril_chambers, layout_hall_layers,
          hangedman_lair_in_review, nicolae_slime_entry_slimehenge, uniq_rupert
Shoals:1: layout_shoals
Shoals:2: cheibrodos_shoals_baths, layout_shoals, uniq_aizul
Shoals:3: layout_shoals, uniq_polyphemus
Orc:1:    layout_diamond_mine, serial_shops,
          nicolae_shop_temple_entry_statues_fountains, uniq_josephine
Orc:2:    pubby_orc_utopia

Skill      XL: |  1  2  3  4  5  6  7  8  9 10 11 12 13 14 15 16 |
---------------+-------------------------------------------------+-----
Long Blades    | 3 4 5 6 7 8 10 11 13 14 | 14.6
Dodging        | 2 3 4 5 6 7 8 |  8.5
Armour         | 2 3 4 5 6 7 8 9 10 11 | 11.7
Fighting       | 4 5 6 7 8 10 11 12 13 | 13.2
Stealth        | 1 2 3 4 |  4.0
Throwing       | 1 2 3 |  3.7
Maces & Flails | 4 6 7 |  7.5
Evocations     | 1 |  1.2
Shields        | 6 9 11 | 11.0
Polearms       | 4 7 |  7.2

Action                   |  1- 3 |  4- 6 |  7- 9 | 10-12 | 13-15 | 16-18 || total
-------------------------+-------+-------+-------+-------+-------+-------++-------
Melee: Falchion          |   107 |    75 |   126 |       |       |       ||   308
       Kick              |       |    27 |   243 |   189 |   527 |       ||   986
       Whip              |       |       |   597 |    53 |       |       ||   650
       Scimitar          |       |       |       |   215 |   733 |       ||   948
       Great sword       |       |       |       |   202 |   224 |       ||   426
       Morningstar       |       |       |       |    65 |       |       ||    65
       Demon trident     |       |       |       |       |   417 |   538 ||   955
       Double sword      |       |       |       |       |    16 |       ||    16
Throw: Dart              |       |     4 |    19 |    15 |     8 |    31 ||    77
Invok: Berserk           |     2 |     2 |     3 |     4 |     2 |     2 ||    15
       Trog's Hand       |       |       |     5 |     4 |     3 |     6 ||    18
       Brothers in Arms  |       |       |       |    10 |     7 |     4 ||    21
Evoke: Wand              |       |       |       |     7 |     1 |       ||     8
  Use: Potion            |     5 |       |       |     9 |     2 |     3 ||    19
       Scroll            |     3 |     4 |     1 |    11 |    18 |     3 ||    40
 Stab: Distracted        |       |       |       |     2 |       |     2 ||     4
       Petrified         |       |       |       |       |     2 |       ||     2
       Petrifying        |       |       |       |       |     1 |       ||     1
  Eat: Chunk             |     5 |     7 |    16 |    29 |    28 |    15 ||   100
       Ration            |       |       |     1 |     3 |     9 |     4 ||    17
Armor: Animal skin       |    17 |       |       |       |       |       ||    17
       Ring mail         |     7 |    36 |     6 |       |       |       ||    49
       Chain mail        |       |       |    40 |   240 |   368 |       ||   648
       Fire dragon scale |       |       |   269 |   148 |       |       ||   417
       Skin              |       |       |       |    27 |       |       ||    27
       Scale mail        |       |       |       |       |   186 |   145 ||   331
Dodge: Dodged            |    63 |    54 |   493 |   392 |   938 |   382 ||  2322
Block: Other             |       |       |       |   126 |    76 |       ||   202
       Reflection        |       |       |       |     3 |    29 |    63 ||    95
       Buckler           |       |       |       |       |  1488 |   903 ||  2391
       Rpst.: Falchion   |    28 |    16 |    16 |       |       |       ||    60
       Scimitar          |       |       |       |    34 |    69 |       ||   103
       Great sword       |       |       |       |    29 |    46 |       ||    75
       Double sword      |       |       |       |       |     1 |       ||     1
